 Dungeon Crawl Stone Soup version 0.30-a0-169-g06f667207d (webtiles) character file.

Game seed: 12760960841166805654

85 qw the Chopper (level 4, 0/28 HPs)
             Began as a Gargoyle Fighter on Sept 29, 2022.
             Slain by an ogre
             ... wielding a +0 giant spiked club
              (28 damage)
             ... on level 4 of the Dungeon.
             The game lasted 00:01:09 (2298 turns).

qw the Chopper (Gargoyle Fighter)                   Turns: 2298, Time: 00:01:09

Health: 0/28       AC: 10    Str: 22    XL:     4   Next: 48%
Magic:  4/4        EV:  9    Int:  8    God:
Gold:   43         SH:  4    Dex:  9    Spells: 3/3 levels left

rFire   . . .      SeeInvis .    Y - +0 war axe (elec)
rCold   . . .      Faith    .    c - +0 buckler
rNeg    + . .      Spirit   .    b - +0 scale mail
rPois   inf        Reflect  .    (no helmet)
rElec   +          Harm     .    (no cloak)
rCorr   .          Rampage  .    (no gloves)
Will    .....                    (no boots)
Stlth   ..........               (no amulet)
HPRegen 0.09/turn                (no ring)
MPRegen 0.09/turn                (no ring)

@: no status effects
A: sickness immunity, AC +3, negative energy resistance 1, electricity
resistance, torment resistance 1, petrification resistance
a: no special abilities


You were on level 4 of the Dungeon.
You visited 1 branch of the dungeon, and saw 3 of its levels.

You collected 43 gold pieces.


Innate Abilities, Weirdness & Mutations

You are immune to sickness and miasma.
Your stone body is resilient. (AC +3)
You are immune to poison.
You resist negative energy. (rN+)
You are resistant to electric shocks. (rElec)
You are resistant to unholy torment.
You are immune to petrification.


   Skills:
 - Level 3.2 Fighting
 + Level 4.1 Axes
 - Level 3.2 Armour
 - Level 3.2 Shields


You had 3 spell levels left.
You didn't know any spells.
Your spell library was empty.

Inventory:

Hand Weapons
 a - a +0 flail
 Y - a +0 war axe of electrocution (weapon)
Armour
 b - a +0 scale mail (worn)
 c - a +0 buckler (worn)
 f - a +0 chain mail
Potions
 d - a potion of might
 e - a potion of attraction {unknown}
 h - a potion of flight {unknown}

Dungeon Overview and Level Annotations

Branches:
Dungeon (2/15)

Altars:


Message History

You kill the orc!
The orc hits you with a +0 flail.
Your Axes skill increases to level 4!
You have reached level 4!
You feel stronger.
You slash the orc!
You kill the orc!
You start resting.
HP restored.
a - a +0 flail You see here a +0 leather armour.
2237 ||| DROPPING +0 whip.
You drop a +0 whip.
f - a +0 chain mail
Things that are here:
a +0 flail; an orc skeleton
Found a stone staircase leading down.
Enter note:
There is a stone staircase leading down here.
A hobgoblin comes into view.
The hobgoblin shouts!
The hobgoblin moves out of view.
An ogre comes into view. It is wielding a +0 giant spiked club.
2286 ||| Stepping ~*~*~tactically~*~*~ (stealth).
2287 ||| Stepping ~*~*~tactically~*~*~ (stealth).
You barely miss the hobgoblin.
The hobgoblin hits you but does no damage.
The hobgoblin closely misses you.
You barely miss the hobgoblin. You block the hobgoblin's attack.
You barely miss the hobgoblin.
The hobgoblin hits you but does no damage.
You slash the hobgoblin!
Lightning courses through the hobgoblin!
You kill the hobgoblin!
You see here a hobgoblin corpse.
Found a shiny lead wand.
The ogre shouts!
You barely miss the ogre.
The ogre hits you with a +0 giant spiked club!!
Ouch! That really hurt!
You die...

####### .#####..
#.....# #.#...#.#
#.....# #.#.#.#.###
#.....# #.#.#.#...
#.....###.#.#.#..
#.........#.#.#.#
#.........#.#%#O###.#.
#.........#.#.@.......
##.........#.#.#...###.
##......###.#.#.#...+
.....#### #.#.###...#
..7P7P# #.#...#...+
77.77P.####.###.#...#
P.777..........>#/..#
P.P7P..####.###.#...#
.P77P.P. ...# #.#


You could see an ogre.

Vanquished Creatures
  An orc wizard (D:4)
  An adder (D:4)
  A white imp (D:4)
  A worm (D:2)
  A dart slug (D:4)
  3 orcs (D:4)
  2 bats (D:1)
  5 endoplasms
  4 goblins
  4 hobgoblins
  A quokka (D:1)
  5 ball pythons
  A frilled lizard (D:1)
  5 kobolds (D:1)
  2 rats (D:1)
  A bush (D:4)
38 creatures vanquished.

Vanquished Creatures (others)
  A bush (D:4)
  A plant (D:4)
2 creatures vanquished.

Grand Total: 40 creatures vanquished

Notes
Turn   | Place    | Note
-------+----------+-------------------------------------------
     0 | D:1      | qw the Gargoyle Fighter began the quest for the Orb.
     0 | D:1      | Reached XP level 1. HP: 14/14 MP: 1/1
     0 | D:1      | 0 ||| qw: Version: 0.2-a-12-gaebbb33
     0 | D:1      | 0 ||| qw: Game counter: 1344
     0 | D:1      | 0 ||| qw: Always use a shield: true
     0 | D:1      | 0 ||| qw: God list: Okawaru
     0 | D:1      | 0 ||| qw: Allow faded altars: false
     0 | D:1      | 0 ||| qw: Do Orc after D:15 true
     0 | D:1      | 0 ||| qw: Do second Lair branch before Depths: true
     0 | D:1      | 0 ||| qw: Lair rune preference: random
     0 | D:1      | 0 ||| qw: Plans: Normal, Zot:1-4, God:TSO, Crypt, Tomb,
                  | Pan, Slime:5, Hells, Abyss, Orb
     0 | D:1      | 0 ||| PLANNING D:1-11
   162 | D:1      | Reached skill level 2 in Axes
   342 | D:1      | Reached XP level 2. HP: 19/19 MP: 2/2
   864 | D:1      | Reached skill level 3 in Axes
  1149 | D:1      | 1149 ||| READING scroll labelled TUC XUMIUFOH.
  1192 | D:1      | 1192 ||| READING scroll labelled RICKITOOLU.
  1193 | D:1      | 1193 ||| READING scroll labelled ONNOEM CION.
  1194 | D:1      | 1194 ||| READING scroll labelled COTTO RAIC.
  1198 | D:1      | 1198 ||| READING scroll labelled DUTIGE ULIXISK.
  1199 | D:1      | 1199 ||| READING scroll labelled UPHIDE OXZO.
  1289 | D:2      | 1289 ||| READING scroll labelled LAXKYS ANEDY.
  1290 | D:2      | 1290 ||| Stepping randomly (stuck).
  1292 | D:2      | 1292 ||| Stepping randomly (stuck).
  1293 | D:2      | 1293 ||| Stepping randomly (stuck).
  1294 | D:2      | 1294 ||| Stepping randomly (stuck).
  1295 | D:2      | 1295 ||| Stepping randomly (stuck).
  1296 | D:2      | 1296 ||| Stepping randomly (stuck).
  1297 | D:2      | 1297 ||| Stepping randomly (stuck).
  1298 | D:2      | 1298 ||| Stepping randomly (stuck).
  1299 | D:2      | 1299 ||| Stepping randomly (stuck).
  1300 | D:2      | 1300 ||| Stepping randomly (stuck).
  1301 | D:2      | 1301 ||| Stepping randomly (stuck).
  1302 | D:2      | 1302 ||| Stepping randomly (stuck).
  1303 | D:2      | 1303 ||| Stepping randomly (stuck).
  1304 | D:2      | 1304 ||| Stepping randomly (stuck).
  1305 | D:2      | 1305 ||| Stepping randomly (stuck).
  1306 | D:2      | 1306 ||| Stepping randomly (stuck).
  1307 | D:2      | 1307 ||| Stepping randomly (stuck).
  1308 | D:2      | 1308 ||| Stepping randomly (stuck).
  1309 | D:2      | 1309 ||| Stepping randomly (stuck).
  1310 | D:2      | 1310 ||| Stepping randomly (stuck).
  1311 | D:2      | 1311 ||| Stepping randomly (stuck).
  1312 | D:2      | 1312 ||| Stepping randomly (stuck).
  1313 | D:2      | 1313 ||| Stepping randomly (stuck).
  1314 | D:2      | 1314 ||| Stepping randomly (stuck).
  1315 | D:2      | 1315 ||| Stepping randomly (stuck).
  1316 | D:2      | 1316 ||| Stepping randomly (stuck).
  1317 | D:2      | 1317 ||| Stepping randomly (stuck).
  1318 | D:2      | 1318 ||| Stepping randomly (stuck).
  1319 | D:2      | 1319 ||| Stepping randomly (stuck).
  1320 | D:2      | 1320 ||| Stepping randomly (stuck).
  1321 | D:2      | 1321 ||| Stepping randomly (stuck).
  1322 | D:2      | 1322 ||| Stepping randomly (stuck).
  1323 | D:2      | 1323 ||| Stepping randomly (stuck).
  1324 | D:2      | 1324 ||| Stepping randomly (stuck).
  1325 | D:2      | 1325 ||| Stepping randomly (stuck).
  1326 | D:2      | 1326 ||| Stepping randomly (stuck).
  1327 | D:2      | 1327 ||| Stepping randomly (stuck).
  1328 | D:2      | 1328 ||| Stepping randomly (stuck).
  1329 | D:2      | 1329 ||| Stepping randomly (stuck).
  1330 | D:2      | 1330 ||| Stepping randomly (stuck).
  1331 | D:2      | 1331 ||| Stepping randomly (stuck).
  1332 | D:2      | 1332 ||| Stepping randomly (stuck).
  1333 | D:2      | 1333 ||| Stepping randomly (stuck).
  1334 | D:2      | 1334 ||| Stepping randomly (stuck).
  1335 | D:2      | 1335 ||| Stepping randomly (stuck).
  1336 | D:2      | 1336 ||| Stepping randomly (stuck).
  1337 | D:2      | 1337 ||| Stepping randomly (stuck).
  1338 | D:2      | 1338 ||| Stepping randomly (stuck).
  1339 | D:2      | 1339 ||| Stepping randomly (stuck).
  1340 | D:2      | 1340 ||| Stepping randomly (stuck).
  1341 | D:2      | 1341 ||| Stepping randomly (stuck).
  1342 | D:2      | 1342 ||| Stepping randomly (stuck).
  1343 | D:2      | 1343 ||| Stepping randomly (stuck).
  1344 | D:2      | 1344 ||| Stepping randomly (stuck).
  1345 | D:2      | 1345 ||| Stepping randomly (stuck).
  1346 | D:2      | 1346 ||| Stepping randomly (stuck).
  1347 | D:2      | 1347 ||| Stepping randomly (stuck).
  1348 | D:2      | 1348 ||| Stepping randomly (stuck).
  1349 | D:2      | 1349 ||| Stepping ~*~*~tactically~*~*~ (hiding).
  1423 | D:2      | Reached XP level 3. HP: 12/23 MP: 3/3
  1584 | D:2      | You fall into a shaft and drop 2 floors!
  1612 | D:4      | 1612 ||| Stepping ~*~*~tactically~*~*~ (hiding).
  1614 | D:4      | 1614 ||| Stepping ~*~*~tactically~*~*~ (hiding).
  1995 | D:4      | HP: 5/23 [orc/+0 flail (2)]
  1996 | D:4      | Reached skill level 4 in Axes
  1996 | D:4      | Reached XP level 4. HP: 6/28 MP: 4/4
  2237 | D:4      | 2237 ||| DROPPING +0 whip.
  2285 | D:4      | Noticed an ogre
  2286 | D:4      | 2286 ||| Stepping ~*~*~tactically~*~*~ (stealth).
  2287 | D:4      | 2287 ||| Stepping ~*~*~tactically~*~*~ (stealth).
  2298 | D:4      | Slain by an ogre

Levels and vault maps discovered:
D:1:      dpeg_arrival_line_fractal, layout_basic
D:2:      layout_loops_corners, serial_shops, nicolae_shop_statue_plus,
          basic_ecumenical_altar, serial_co_window_serial, co_window_paths_a,
          co_window_paths_a, co_window_paths_a, co_window_corner_a,
          co_window_corner_a, co_window_cross_1, co_window_paths_a,
          co_window_corner_cb, co_window_unsneaky_path_d, co_window_corner_b,
          co_window_broadway_c, co_window_paths_d, glass_columns_a,
          glass_columns_c, glass_columns_a, glass_columns_a, glass_columns_a
D:4:      layout_basic, minmay_temple_entry_mist, serial_forest,
          infiniplex_forest_straight_2, infiniplex_forest_straight_2,
          infiniplex_forest_lined_room_3, infiniplex_forest_clump_medium,
          infiniplex_forest_zigzag_1, infiniplex_forest_straight_5,
          minmay_shop_grid_forest

Skill      XL: |  1  2  3 |
---------------+----------+-----
Axes           | 2 3 4 |  4.1
Fighting       | |  3.2
Armour         | |  3.2
Shields        | |  3.2

Action                   |  1- 3 |  4- 6 || total
-------------------------+-------+-------++-------
Melee: War axe           |   103 |     6 ||   109
  Use: Scroll            |     7 |       ||     7
Armor: Scale mail        |    45 |     2 ||    47
Dodge: Dodged            |    43 |     1 ||    44
Block: Buckler           |    15 |     1 ||    16

Table legend:
 A = Non-vault XP
 B = Vault XP
 C = Vault XP percentage of total XP
 D = Non-vault monster count
 E = Vault monster count
 F = Vault count percentage of total count
                 A         B        C        D         E       F
            +---------+---------+-------+---------+---------+-------
      Total |     122 |       0 |   0.0 |      37 |       0 |   0.0
            +---------+---------+-------+---------+---------+-------
        D:1 |      30 |       0 |   0.0 |      19 |       0 |   0.0
        D:2 |       7 |       0 |   0.0 |       2 |       0 |   0.0
        D:4 |      85 |       0 |   0.0 |      16 |       0 |   0.0
            +---------+---------+-------+---------+---------+-------
